 Dungeon Crawl Stone Soup version 0.28.0-47-ge53b351184 (webtiles) character file.

Game seed: 653853946024216510

70 Zeld the Skirmisher (level 4, 0/41 HPs)
             Began as a Minotaur Berserker on Apr 25, 2022.
             Was a Believer of Trog.
             Slain by a gnoll
             ... wielding a +0 club
              (9 damage)
             ... on level 3 of the Dungeon.
             The game lasted 00:01:55 (2861 turns).

Zeld the Skirmisher (Minotaur Berserker)            Turns: 2861, Time: 00:01:55

Health: 0/41       AC:  3    Str: 23    XL:     4   Next: 4%
Magic:  3/3        EV: 12    Int:  4    God:    Trog [**....]
Gold:   156        SH:  0    Dex: 10    Spells: 3/3 levels left

rFire   . . .      SeeInvis .   a - +1 war axe (drain)
rCold   . . .      Faith    .   (no shield)
rNeg    . . .      Spirit   .   b - +0 animal skin
rPois   .          Reflect  .   (helmet restricted)
rElec   .          Harm     .   l - +0 cloak
rCorr   .          Rampage  .   (no gloves)
Will    .....                   (no boots)
Stlth   +.........              (no amulet)
HPRegen 0.13/turn               (no ring)
MPRegen 0.08/turn               (no ring)

@: no status effects
A: horns 2, retaliatory headbutt
a: Renounce Religion, Berserk, Trog's Hand


You were on level 3 of the Dungeon.
You worshipped Trog.
Trog was pleased with you.
You visited 1 branch of the dungeon, and saw 3 of its levels.

You collected 156 gold pieces.

Inventory:

Hand Weapons
 a - a +1 war axe of draining (weapon)
Armour
 b - a +0 animal skin (worn)
 l - a +0 cloak (worn)
Wands
 k - a wand of charming (4)
Scrolls
 c - 2 scrolls of teleportation {unknown}
 g - a scroll of identify {unknown}
 j - a scroll of noise {unknown}
Potions
 d - 2 potions of curing {unknown}
 e - 2 potions of might {unknown}
 f - a potion of degeneration {unknown}
 h - a potion of mutation {unknown}
 i - a potion of attraction {unknown}


   Skills:
 * Level 4.4 Fighting
 * Level 4.4 Axes
 + Level 3.0 Armour
 + Level 2.6 Dodging
 + Level 0.9 Stealth


You had 3 spell levels left.
You didn't know any spells.
Your spell library was empty.

Dungeon Overview and Level Annotations

Branches:
Dungeon (3/15)

Altars:


Innate Abilities, Weirdness & Mutations

You have a pair of horns on your head.
You reflexively headbutt those who attack you in melee.


Message History

A gnoll comes into view. It is wielding a +0 spear.
A gnoll is nearby!
A gnoll is nearby!
The gnoll shouts!
You hear a shout!
A gnoll comes into view. It is wielding a +0 whip.
The gnoll shouts!
A gnoll comes into view. It is wielding a +0 club.
The gnoll closely misses you.
You hit the gnoll. Your headbutt misses the gnoll.
The gnoll is lightly wounded.
The gnoll closely misses you.
You closely miss the gnoll.
The gnoll is lightly wounded.
The gnoll hits you with a +0 whip.
The gnoll hits you from afar with a +0 spear.
A gnoll comes into view. It is wielding a +0 club.
You slash the gnoll! You drain the gnoll.
You kill the gnoll!
Trog accepts your kill. The gnoll closely misses you.
The gnoll hits you from afar with a +0 spear.
You have reached level 4!
You feel agile.
An endoplasm comes into view.
The gnoll hits you with a +0 spear!
You see here a +0 whip.
You are too injured to fight recklessly!
You hit the gnoll. You drain the gnoll.
The gnoll is heavily wounded.
You hit the gnoll. You drain the gnoll.
The gnoll is severely wounded.
The gnoll closely misses you.
You closely miss the gnoll. The gnoll barely misses you.
The gnoll hits you with a +0 club!
* * * LOW HITPOINT WARNING * * *
The gnoll hits you but does no damage.
You barely miss the gnoll. You headbutt the gnoll.
The gnoll is moderately wounded.
The gnoll hits you with a +0 club!
You die... # # #. .# .###. .gg

#g# #@# #.# ######
#.# .....# #.#
####.# #.# ..##.#
#.# #.##.# #.#
#.##.###########.#
#.##........)....#


You could see 3 gnolls.

Vanquished Creatures
  A gnoll (D:3)
  An adder (D:2)
  A worm (D:2)
  4 bats
  3 endoplasms
  4 goblins
  4 hobgoblins
  8 jackals
  5 quokkas
  3 ball pythons
  A frilled lizard (D:2)
  2 kobolds (D:1)
  8 rats
45 creatures vanquished.

Notes
Turn   | Place    | Note
-------+----------+-------------------------------------------
     0 | D:1      | Zeld the Minotaur Berserker began the quest for the Orb.
     0 | D:1      | Reached XP level 1. HP: 19/19 MP: 0/0
   195 | D:1      | Reached XP level 2. HP: 26/27 MP: 1/1
   824 | D:1      | Found a faded altar of an unknown god.
   882 | D:1      | Reached ** piety under Trog
  1338 | D:2      | Reached XP level 3. HP: 33/33 MP: 2/2
  2857 | D:3      | Reached XP level 4. HP: 23/41 MP: 3/3
  2861 | D:3      | Slain by a gnoll

Illustrated notes

Levels and vault maps discovered:
D:1:      onia_arrival_mini_maze, layout_basic,
          hellmonk_ecumenical_altar_lost_god, chequers_serial_rivers_micro_d,
          minmay_surrounded
D:2:      layout_basic, serial_co_window_serial, co_window_paths_b,
          co_window_paths_a, co_window_of_opportunity_a, co_window_paths_a,
          co_window_corner_a, co_window_unsneaky_path_a, co_window_corner_ca,
          co_window_2corner, co_window_broadway_a, co_window_corner_cb,
          co_window_paths_d, glass_columns_b, dk_vineyard_2, grunt_ministairs_12
D:3:      layout_loops_ring, mainiacjoe_overflow_two_lobes

Skill      XL: |  1  2  3 |
---------------+----------+-----
Fighting       | 4 |  4.4
Axes           | 4 |  4.4
Armour         | 3 |  3.0
Dodging        | |  2.6
Stealth        | |  0.9

Action                   |  1- 3 |  4- 6 || total
-------------------------+-------+-------++-------
Melee: Hand axe          |    61 |       ||    61
       Headbutt          |     7 |     1 ||     8
       War axe           |    21 |     4 ||    25
 Stab: Sleeping          |     2 |       ||     2
Armor: Animal skin       |    18 |     1 ||    19
Dodge: Dodged            |    73 |     2 ||    75
